AoeStats
← MikaelHei

Glade

510514020Analyzed
1v1 RM · 1d ago on Oct 1, 2026· 26m 8s· 2 players
Game mode
Random Map
Map size
Tiny (2 player)
Population
200
Speed
Normal
Resources
Standard
Victory
Conquest
Starting age
Dark Age
Ending age
Imperial Age
RankedLock teamsTeams togetherTeam positionsShared explorationLock speedFull tech treeHidden civsTurbo modeCheats
Victory
Defeat
🇫🇮 Danes · Finland
1342
+13
🇧🇷 Khmer · Brazil
1283
-13
MikaelHei
5:07 Loom
9:38 Feudal Age
9:50 Man-at-Arms
10:30 Double-Bit Axe
10:27 Horse Collar
10:55 Arson
15:25 Gold Mining
15:32 Fletching
16:00 Forging
22:19 Castle Age
21:03 Scale Mail Armor
21:03 Padded Archer Armor
23:00 Wheelbarrow
22:36 Stone Mining
23:10 Gambesons
23:25 Squires
23:45 Chain Mail Armor
24:24 Gold Shaft Mining
24:32 Bow Saw
wandersonkilim
5:14 Loom
11:14 Feudal Age
18:09 Castle Age
25:39 Forging
Connection lost

Rejoining the realm…

Still unreachable

The connection could not be restored.

Session expired

The server has moved on; the page needs a fresh start.